Map: Ruins of Endion

Players

Miszu - Winner!

  • Race: Terran Terran
  • League: Master

lIlIIlIlIll

  • Race: Terran Terran
  • League: Master

VOD

Have the link to the VOD?

Description

Time

  • Played on: April 25, 2016, 3:47 p.m.
  • Length: 3:54
Show
View Real Time Build Order
Export as new Build Order

Miszu Terran - Winner!

Build Orders: 1/1/1 

Get SALT Encoding   

  12  0:00  SCV  
  13  0:12  SCV  
  14  0:17  Supply Depot  
  14  0:25  SCV  
  14  0:27  Refinery  
  15  0:39  SCV  
  16  0:45  Barracks  
  16  0:51  SCV  
  17  0:58  Refinery  
  17  1:03  SCV  
  18  1:15  SCV  
  20  1:33  Factory  
  20  1:34  Orbital Command  
  20  1:38  Reaper  
  20  1:49  Supply Depot  
  20  1:59  SCV  
  21  2:10  Reaper  
  21  2:13  SCV  
  23  2:17  Hellion  
  23  2:22  Starport  
  25  2:26  SCV  
  26  2:30  Supply Depot  
  26  2:41  Hellion  
  26  2:42  Reaper  
  29  2:46  SCV  
  30  2:52  Supply Depot  
  30  2:58  Medivac, SCV  
  33  3:21  SCV  
  33  3:22  Hellion  
  33  3:23  Barracks Tech Lab  
  36  3:34  SCV  
Show
View Real Time Build Order
Export as new Build Order

lIlIIlIlIll Terran 

Build Orders: Reaper Expand 

Get SALT Encoding   

  12  0:00  SCV  
  13  0:13  SCV  
  14  0:18  Supply Depot  
  14  0:25  SCV  
  15  0:40  SCV  
  15  0:41  Barracks  
  16  0:45  Refinery  
  16  0:52  SCV  
  17  1:04  SCV  
  18  1:16  SCV  
  19  1:30  Orbital Command  
  19  1:32  Reaper  
  20  1:44  Command Center  
  20  1:52  Supply Depot  
  20  1:56  SCV  
  21  2:04  Marine  
  21  2:08  Factory  
  22  2:12  SCV  
  23  2:20  Refinery  
  23  2:21  Marine  
  24  2:24  SCV  
  25  2:36  SCV  
  26  2:39  Marine  
  26  2:48  SCV  
  27  2:52  Widow Mine  
  27  2:53  Starport  
  27  2:56  Orbital Command  
  27  2:57  Marine  
  30  3:01  SCV  
  31  3:12  Engineering Bay  
  31  3:13  SCV  
  31  3:18  Marine  
  30  3:22  Factory Tech Lab  
  30  3:23  SCV  
  30  3:25  SCV  
  30  3:35  SCV  
Tags
 
Add a new tag
Caveats
  • Supply blocks, unpowered buildings, or Contaminate may cause inaccurate times.
  • Supply counts are checked every 10 seconds.